 Dungeon Crawl Stone Soup version 0.30.0-5-g1a98f26d00 (webtiles) character file.

Game seed: 4276221645199427092

690 qeuew the Covert (level 7, -1/36 HPs)
             Began as a Spriggan Brigand on May 8, 2023.
             Was an Initiate of Wu Jian.
             Slain by an iguana (5 damage)
             ... on level 5 of the Dungeon.
             The game lasted 00:04:27 (3435 turns).

qeuew the Covert (Spriggan Brigand)                 Turns: 3435, Time: 00:04:28

Health: -1/36      AC:  9    Str: 12    XL:     7   Next: 36%
Magic:  8/8        EV: 17    Int: 17    God:    Wu Jian [......]
Gold:   214        SH:  0    Dex: 17    Spells: 6/6 levels left

rFire   . . .        a - +2 dagger
rCold   . . .        (no shield)
rNeg    . . .        p - +1 swamp dragon scales
rPois   +            (helmet restricted)
rElec   .            c - +0 cloak
rCorr   .            (gloves unavailable)
SInv    +            (boots unavailable)
Will    +....        (no amulet)
Stlth   ++++         j - +6 ring of strength
HPRegen 0.26/turn    (no ring)
MPRegen 0.11/turn

%: no passive effects
@: weakened, very quick
A: very small, no large weapons, unfitting armour, see invisible, speed 3,
antennae 1, hooves 1, clever 1
a: Renounce Religion


You were on level 5 of the Dungeon.
You worshipped Wu Jian.
Wu Jian was noncommittal.
You visited 2 branches of the dungeon, and saw 7 of its levels.

You collected 214 gold pieces.

Inventory:

Hand Weapons
 a - a +2 dagger (weapon)
Missiles
 d - 18 poisoned darts (quivered)
 e - 3 curare-tipped darts
 i - 4 atropa-tipped darts
Armour
 c - a +0 cloak (worn)
 p - +1 swamp dragon scales (worn)
Jewellery
 b - a ring of positive energy
 j - a +6 ring of strength (left hand)
 s - an amulet of magic regeneration
Wands
 h - a wand of digging (4)
 q - a wand of paralysis (11)
Scrolls
 n - 3 scrolls of teleportation
Potions
 f - 2 potions of curing
 g - 2 potions of haste
 k - a potion of ambrosia
 l - 2 potions of heal wounds
 m - a potion of magic
 o - a potion of resistance


   Skills:
 + Level 3.0 Fighting
 + Level 4.1 Short Blades
 + Level 3.7 Throwing
 + Level 4.4 Dodging
 * Level 9.4 Stealth


You had 6 spell levels left.
You didn't know any spells.
Your spell library contained the following spells:

 Spells                   Type           Power      Damage    Failure   Level
 Scorch                   Fire           0%         2d5       63%         2
 Dazzling Flash           Conj/Hex       0%         N/A       85%         3
 Vhi's Electric Charge    Tloc/Air       0%         N/A       85%         3
 Flame Wave               Conj/Fire      0%         2d4       99%         4
 Agony                    Necr           0%         N/A       100%        5
 Arcjolt                  Conj/Air       0%         1d10      100%        5
 Silence                  Hex/Air        0%         N/A       100%        5
 Plasma Beam              Fire/Air       0%         2x1d11    100%        6
 Summon Cactus Giant      Summ           0%         N/A       100%        6


Dungeon Overview and Level Annotations

Branches:
Dungeon (6/15)             Temple (1/1) D:6

Altars:
Ashenzari
Cheibriados
Elyvilon
Fedhas
Hepliaklqana
Kikubaaqudgha
Okawaru
Ru
Uskayaw
Vehumet
Wu Jian
Xom
Yredelemnul
Zin
The Shining One

Shops:
D:5 [


Innate Abilities, Weirdness & Mutations

You are very small and have problems with some larger weapons.
You are too small for most types of armour.
You have supernaturally acute eyesight. (SInv)
You cover ground extremely quickly. (Speed+++)
You have a pair of small antennae on your head.
You have large cloven feet.
Your mind is acute. (Int +4, Str/Dex -1)


Message History

You hit the iguana but do no damage. You kick the iguana, but do no damage.
The iguana is heavily wounded.
You hit the iguana. You kick the iguana, but do no damage.
The iguana is heavily wounded.
The iguana barely misses you.
The gnoll bouda hits the bush but does no damage.
You hit the iguana but do no damage.
The iguana is heavily wounded.
The iguana completely misses you.
The gnoll bouda hits the bush but does no damage.
You barely miss the iguana.
The iguana is heavily wounded.
The iguana bites you!
The gnoll bouda hits the bush with a +0 whip!
You hit the iguana but do no damage. You kick the iguana, but do no damage.
The iguana is heavily wounded.
The iguana barely misses you.
The gnoll bouda gazes fiercely through you!
You feel as though you will be weak longer.
The gnoll bouda hits the bush with a +0 whip!
You hit the iguana but do no damage. Your kick misses the iguana.
The iguana is heavily wounded.
You hit the iguana. Your kick misses the iguana.
The iguana is severely wounded.
The iguana bites you.
* * * LOW HITPOINT WARNING * * *
The gnoll bouda hits the bush with a +0 whip.
You hit the iguana. You kick the iguana, but do no damage.
The iguana is severely wounded.
The iguana barely misses you.
The gnoll bouda hits the bush with a +0 whip.
You hit the iguana but do no damage.
The iguana is severely wounded.
The iguana bites you.
* * * LOW HITPOINT WARNING * * *
The gnoll bouda hits the bush with a +0 whip.
You hit the iguana but do no damage.
The iguana is severely wounded.
The iguana bites you.
You die...

...(..#.# #...#
PPPPPPP.#.####...#
.................#
P.PPP.P))#####...#
P.....P..# #..∩#
P.._..P..#
###.#####
P.....Pg.# #.....#


P.PPP.Pl## #####)# .....:.@# #.# PPPPPPP.# #.### ........# #...# .......##
#######<# #...... ......... #.....) .######## #...|.. # ##..... # ##.... You
could see a gnoll bouda and an iguana.

Vanquished Creatures
  Maggie (D:6)
  An ogre (D:6)
  A scorpion (D:4)
  A hound (D:4)
  A jelly (D:6)
  An iguana (D:5)
  2 orc wizards
  3 gnolls (D:5)
  4 adders
  2 ufetubi
  A dart slug (D:4)
  2 worms (D:2)
  9 orcs
  5 bats
  5 endoplasms
  3 giant cockroaches
  6 goblins
  6 hobgoblins
  4 kobolds
  4 quokkas
  3 ball pythons
  3 frilled lizards
  4 rats
72 creatures vanquished.

Notes
Turn   | Place    | Note
-------+----------+-------------------------------------------
     0 | D:1      | qeuew the Spriggan Brigand began the quest for the Orb.
     0 | D:1      | Reached XP level 1. HP: 10/10 MP: 2/2
    54 | D:1      | Reached skill level 6 in Stealth
   257 | D:1      | Reached XP level 2. HP: 15/15 MP: 3/3
   661 | D:2      | Reached XP level 3. HP: 18/18 MP: 4/4
  1707 | D:3      | Reached XP level 4. HP: 23/23 MP: 5/5
  1817 | D:3      | Reached skill level 7 in Stealth
  2135 | D:3      | Gained mutation: You have large cloven feet. [potion of
                  | mutation]
  2135 | D:3      | Gained mutation: Your mind is acute. (Int +4, Str/Dex -1)
                  | [potion of mutation]
  2135 | D:3      | Gained mutation: You have a pair of small antennae on your
                  | head. [potion of mutation]
  2301 | D:4      | Reached XP level 5. HP: 26/26 MP: 6/6
  2472 | D:4      | You fall into a shaft and drop 2 floors!
  2472 | D:6      | Found a staircase to the Ecumenical Temple.
  2481 | Temple   | Entered the Ecumenical Temple
  2606 | Temple   | Became a worshipper of the Wu Jian Council
  2762 | D:6      | Noticed an ogre
  2769 | D:6      | Killed an ogre
  2770 | D:6      | Reached skill level 8 in Stealth
  2770 | D:6      | Reached XP level 6. HP: 32/32 MP: 7/7
  2852 | D:6      | Noticed Maggie
  2858 | D:6      | Killed Maggie
  2859 | D:6      | Reached skill level 9 in Stealth
  2859 | D:6      | Reached XP level 7. HP: 35/35 MP: 8/8
  2883 | D:5      | Entered Level 5 of the Dungeon
  3350 | D:5      | Found Tinloev's Antique Armour Shoppe.
  3359 | D:5      | Found a sacrificial altar of Ru.
  3435 | D:5      | Slain by an iguana

Illustrated notes

Levels and vault maps discovered:
D:1:      dpeg_arrival_tiny_d, layout_loops_ring
D:2:      layout_basic, chequers_serial_rivers_large_a
D:3:      layout_loops_cross
D:4:      layout_cave_pools
D:5:      layout_rooms, mainiacjoe_overflow_cross_hatched, serial_shops, shop,
          shop, uniq_pikel
D:6:      layout_cave_pods, marbit_many_paths, minmay_temple_entry_glassed_door,
          uniq_maggie
Temple:   dpeg_five_rooms_temple

Skill      XL: |  1  2  3  4  5  6  7 |
---------------+----------------------+-----
Stealth        | 6 7 8 9 |  9.4
Dodging        | 2 3 4 |  4.4
Fighting       | 2 3 |  3.0
Short Blades   | 3 4 |  4.1
Throwing       | 3 |  3.7

Action                     |  1- 3 |  4- 6 |  7- 9 || total
---------------------------+-------+-------+-------++-------
  Melee: Dagger            |    83 |    72 |   110 ||   265
         Kick              |       |    13 |    38 ||    51
Ability: Lunge             |       |     1 |     5 ||     6
    Use: Potion            |     4 |     2 |       ||     6
         Scroll            |     6 |     2 |     1 ||     9
   Stab: Sleeping          |    20 |     5 |     1 ||    26
         Distracted        |       |     1 |       ||     1
 Armour: Robe              |     9 |    15 |       ||    24
         Swamp dragon scal |       |       |    14 ||    14
  Dodge: Dodged            |    33 |    59 |    82 ||   174
